 Dungeon Crawl Stone Soup version 0.23.2 (webtiles) character file.

Game seed: 16190802271186442570

10844 Kairos the Cruncher (level 12, -6/94 HPs)
             Began as a Formicid Fighter on Apr 12, 2019.
             Was an Elder of Okawaru.
             Mangled by a catoblepas (14 damage)
             ... while petrified by you
             ... on level 10 of the Dungeon.
             The game lasted 00:20:44 (10718 turns).

Kairos the Cruncher (Formicid Fighter)             Turns: 10718, Time: 00:20:44

Health: -6/94      AC: 16    Str: 27    XL:     12   Next: 0%
Magic:  17/18      EV:  2    Int: 11    God:    Okawaru [****..]
Gold:   595        SH:  0    Dex:  8    Spells: 16/19 levels left

rFire    + . .     SeeInvis +   u - +3 quarterstaff (chaos)
rCold    + . .     Gourm    .   c - +2 shield
rNeg     + + +     Faith    .   L - +2 ring mail {rC+}
rPois    ∞         Spirit   .   (helmet unavailable)
rElec    .         Reflect  .   A - +2 cloak of Philately {rF+ Int+2}
rCorr    .         Harm     .   F - +0 pair of gloves {archery}
MR       +....                  z - +0 pair of boots
Stlth    ++++......             (no amulet)
HPRegen  0.25/turn              e - +2 ring of strength
MPRegen  0.16/turn              m - +3 ring of protection

@: petrified, heroism, barbed spikes
A: permanent stasis, dig shafts and tunnels, four strong arms, antennae 3,
clumsy 1, deformed body, evolution 1
a: Dig, Shaft Self, Heroism, Renounce Religion


You were on level 10 of the Dungeon.
You worshipped Okawaru.
Okawaru was greatly pleased with you.
You were near starving.

You visited 2 branches of the dungeon, and saw 11 of its levels.

You collected 595 gold pieces.

Inventory:

Hand Weapons
 u - a +3 quarterstaff of chaos (weapon)
 x - a +4 spear
 O - a +1 trident of flaming
Missiles
 k - 2 javelins (quivered)
 v - 4 throwing nets
 J - 3 silver javelins
Armour
 c - a +2 shield (worn)
 z - a +0 pair of boots (worn)
 A - the +2 cloak of Philately (worn) {rF+ Int+2}
   (You acquired it on level 6 of the Dungeon)

   It affects your intelligence (+2).
   It protects you from fire.
 F - a +0 pair of gloves of archery (worn)
 L - a +2 ring mail of cold resistance (worn)
Jewellery
 e - a +2 ring of strength (left hand)
 l - an uncursed ring of fire
 m - a +3 ring of protection (right hand)
 y - an uncursed ring of protection from fire
 B - a +2 ring of protection
 E - an uncursed ring of resist corrosion
 K - an uncursed ring of magical power
Wands
 o - a wand of paralysis (7)
 s - a wand of enslavement (7)
Scrolls
 a - a scroll of fear
 g - a scroll of magic mapping
 h - 5 scrolls of teleportation
 i - 5 scrolls of immolation
 r - 2 scrolls of enchant weapon
 t - a scroll of fog
 w - a scroll of identify
 C - a scroll of brand weapon
 H - a scroll of amnesia {unknown}
 M - 2 scrolls of vulnerability {unknown}
 N - a scroll of remove curse {unknown}
Potions
 b - a potion of cancellation
 d - a potion of might
 j - a potion of berserk rage {unknown}
 p - 2 potions of curing
 q - a potion of resistance
 D - a potion of ambrosia {unknown}
 G - a potion of lignification {unknown}
 I - a potion of invisibility {unknown}
Comestibles
 f - 17 rations


   Skills:
 + Level 8.6(13.6) Fighting
 + Level 10.6(15.6) Staves
 + Level 7.4(12.4) Armour
 + Level 5.9(10.9) Dodging
 + Level 8.1(13.1) Stealth
 + Level 9.6(14.6) Shields
 + Level 4.1 Spellcasting
 + Level 4.6 Evocations


You had 16 spell levels left.
You knew the following spells:

 Your Spells              Type           Power        Failure   Level  Hunger
a - Confuse               Hex            #.......     67%         3    ###....

Your spell library contained the following spells:

 Spells                   Type           Power        Failure   Level  Hunger
 Corona                   Hex            #......      30%         1    #......
 Ensorcelled Hibernation  Hex/Ice        #.....       43%         2    ##.....
 Dazzling Spray           Conj/Hex       #.....       67%         3    ###....
 Tukima's Dance           Hex            #.......     67%         3    ###....


Dungeon Overview and Level Annotations

Branches:
Dungeon (10/15)            Temple (1/1) D:7            Lair (0/6) D:9
    Orc: D:9-12

Altars:
Ashenzari
Cheibriados
Dithmenos
Elyvilon
Fedhas
Gozag
Hepliaklqana
Kikubaaqudgha
Makhleb
Nemelex Xobeh
Okawaru
Qazlal
Ru
Sif Muna
Uskayaw
Vehumet
Wu Jian
Xom
Yredelemnul
The Shining One
Jiyva

Shops:
D:5 :   D:7 :

Annotations:
D:3 3 runed translucent doors, ThisFiasco's ghost, amateur DrTm
D:7 2 transporters, DavidChitty2's ghost, novice CeHu


Innate Abilities, Weirdness & Mutations

You cannot be hasted, slowed, berserked, paralysed or teleported.
You can dig through walls and to a lower floor.
Your four strong arms can wield two-handed weapons with a shield.
You have a pair of large antennae on your head. (SInv)
You are clumsy. (Dex -2)
Armour fits poorly on your strangely shaped body.
You evolve.


Message History

The manticore is engulfed in calcifying dust.
The manticore is moving more slowly.
The manticore bites you!
* * * LOW HITPOINT WARNING * * *
The manticore claws you.
* * * LOW HITPOINT WARNING * * *
The manticore claws you but does no damage.
The catoblepas gores you!
* * * LOW HITPOINT WARNING * * *
You are engulfed in calcifying dust.
The manticore is engulfed in calcifying dust.
The manticore stops moving altogether!
The catoblepas gores you but does no damage.
You are engulfed in calcifying dust.
The manticore is engulfed in calcifying dust.
The catoblepas gores you!
* * * LOW HITPOINT WARNING * * *
You are engulfed in calcifying dust.
The manticore is engulfed in calcifying dust.
The catoblepas gores you!!
You die...

#...##.##...#
#.$≈≈#.#≈≈..# .≈..≈.≈..≈.#
≈.......≈# #≈.≈≈≈.≈#
#..≈<≈..# ##≈!≈≈≈.≈##
....# ##≈.@Y....≈## ....#
#...#.≈H.≈.≈..≈$# ....#
#...#§[≈≈#'#≈≈$.# ....#
#...#...##.##...# ....#
#...#####...#####. ....#
#................. ....#
#.................
....#####.................
..........................


You could see a catoblepas and a manticore (petrified).

Vanquished Creatures
  Harold (D:7)
  4 two-headed ogres
  The ghost of dscm the Geomancer, a novice OpEE of Gozag (D:9)
  Maurice (D:8)
  Psyche (D:9)
  A troll (D:9)
  Sigmund (D:2)
  Eustachio (D:6)
  A hungry ghost (D:8)
  A water moccasin (D:9)
  2 sky beasts (D:6)
  An orc warrior (D:8)
  A phantom (D:5)
  An ice beast (D:6)
  8 ogres
  4 centaurs
  4 bullfrogs
  A big kobold (D:8)
  A water moccasin zombie (D:5)
  4 scorpions
  A wyvern skeleton (D:7)
  9 killer bees (D:7)
  4 wights (D:8)
  A howler monkey (D:7)
  2 crimson imps
  5 jellies
  A centaur zombie (D:6)
  A gnoll shaman (D:3)
  7 hounds
  3 bullfrog skeletons
  Crazy Yiuf (D:3)
  2 centaur skeletons
  3 orc priests
  5 orc wizards
  8 iguanas
  Natasha (thrice) (D:2)
  A statue (D:5)
  12 worker ants
  A killer bee zombie (D:7)
  4 worker ant zombies
  Robin (D:3)
  60 gnolls
  13 adders
  A shadow imp (D:7)
  6 oozes
  2 adder zombies
  An adder skeleton (D:5)
  5 worms
  2 dart slugs
  4 leopard geckos
  35 orcs
  3 giant cockroaches
  22 goblins
  15 hobgoblins
  21 jackals
  20 kobolds
  3 quokkas
  7 bats
  5 frilled lizards
  A giant cockroach zombie (D:6)
  A jackal skeleton (D:6)
  A quokka skeleton (D:9)
  4 rats
  A plant (D:3)
348 creatures vanquished.

Notes
Turn   | Place    | Note
-------+----------+-------------------------------------------
     0 | D:1      | Kairos the Formicid Fighter began the quest for the Orb.
     0 | D:1      | Reached XP level 1. HP: 18/18 MP: 1/1
    90 | D:1      | Reached XP level 2. HP: 21/24 MP: 2/2
   278 | D:1      | Reached XP level 3. HP: 29/29 MP: 3/3
   725 | D:2      | Noticed Natasha
   732 | D:2      | Killed Natasha
   732 | D:2      | Reached XP level 4. HP: 33/37 MP: 4/4
   771 | D:2      | Reached skill level 3 in Staves
   772 | D:2      | Noticed Natasha
   786 | D:2      | HP: 1/37 [Natasha (5)]
   790 | D:2      | Killed Natasha
   897 | D:2      | Reached XP level 5. HP: 16/42 MP: 5/5
  1019 | D:2      | Noticed Natasha
  1024 | D:2      | Killed Natasha
  1091 | D:2      | Noticed Sigmund
  1111 | D:2      | Killed Sigmund
  1111 | D:2      | Reached skill level 4 in Staves
  1111 | D:2      | Reached skill level 1 in Dodging
  1111 | D:2      | Reached XP level 6. HP: 35/48 MP: 6/6
  1572 | D:2      | Found an opulent altar of Gozag.
  1742 | D:2      | Gained mutation: You are frail. (-10% HP) [potion of
                  | mutation]
  1742 | D:2      | Lost mutation: You are frail. (-10% HP) [potion of
                  | mutation]
  1742 | D:2      | Gained mutation: Your spells are a little harder to cast,
                  | but a little more powerful. [potion of mutation]
  1743 | D:2      | Lost mutation: Your spells are a little harder to cast, but
                  | a little more powerful. [potion of mutation]
  1743 | D:2      | Gained mutation: Armour fits poorly on your strangely
                  | shaped body. [potion of mutation]
  1743 | D:2      | Gained mutation: You evolve. [potion of mutation]
  1854 | D:3      | Noticed Robin
  1866 | D:3      | Killed Robin
  2004 | D:3      | Reached XP level 7. HP: 38/54 MP: 7/7
  2056 | D:3      | Found a runed translucent gate.
  2056 | D:3      | Found a runed translucent gate.
  2058 | D:3      | Found a runed translucent gate.
  2059 | D:3      | Noticed ThisFiasco's ghost (amateur DrTm)
  2147 | D:3      | Reached skill level 5 in Staves
  2393 | D:3      | You fall through a shaft for 3 floors!
  2399 | D:6      | Noticed Eustachio
  2407 | D:6      | Reached skill level 7 in Staves
  2407 | D:6      | Reached skill level 5 in Stealth
  2407 | D:6      | Reached XP level 8. HP: 10/65 MP: 7/14
  2467 | D:6      | Killed Eustachio
  2940 | D:6      | Reached XP level 9. HP: 33/71 MP: 15/15
  3281 | D:5      | Entered Level 5 of the Dungeon
  3316 | D:5      | Found a radiant altar of Vehumet.
  3597 | D:3      | Found a runed translucent door.
  3598 | D:3      | Noticed Crazy Yiuf
  4426 | D:3      | Killed Crazy Yiuf
  4647 | D:4      | Reached skill level 8 in Staves
  5120 | D:4      | Reached skill level 5 in Dodging
  5120 | D:4      | Reached XP level 10. HP: 79/79 MP: 16/16
  5462 | D:5      | Learned a level 3 spell: Confuse
  5570 | D:5      | Found Sianaj's Book Shoppe.
  6302 | D:6      | Identified a scroll of acquirement
  6759 | D:6      | Found a shadowy altar of Dithmenos.
  7086 | D:6      | Got a scorched cloak
  7097 | D:6      | Identified the +2 cloak of Philately {rF+ Int+2} (You
                  | acquired it on level 6 of the Dungeon)
  7158 | D:7      | Found Joepuac's Book Shoppe.
  7188 | D:7      | Noticed Harold
  7189 | D:7      | Found a snail-covered altar of Cheibriados.
  7193 | D:7      | Found a burning altar of Makhleb.
  7193 | D:7      | Found an ancient bone altar of Kikubaaqudgha.
  7722 | D:7      | Killed Harold
  7722 | D:7      | Reached skill level 9 in Staves
  7944 | D:7      | Found a sparkling altar of Nemelex Xobeh.
  8561 | D:7      | Found a transporter.
  8561 | D:7      | Noticed DavidChitty2's ghost (novice CeHu)
  8567 | D:7      | Found a transporter.
  8620 | D:7      | Found a staircase to the Ecumenical Temple.
  8823 | Temple   | Entered the Ecumenical Temple
  8897 | Temple   | Became a worshipper of Warmaster Okawaru
  9163 | D:8      | Reached XP level 11. HP: 80/86 MP: 17/17
  9272 | D:8      | Noticed Maurice
  9272 | D:8      | Noticed a two-headed ogre
  9283 | D:8      | Killed a two-headed ogre
  9283 | D:8      | Reached * piety under Okawaru
  9641 | D:8      | Found a viscous altar of Jiyva.
  9711 | D:8      | Gained mutation: You are clumsy. (Dex -2) [evolution]
  9840 | D:8      | Killed Maurice
  9840 | D:8      | Reached ** piety under Okawaru
 10030 | D:9      | Noticed Psyche
 10035 | D:9      | Killed Psyche
 10113 | D:9      | Noticed a two-headed ogre
 10121 | D:9      | Killed a two-headed ogre
 10121 | D:9      | Reached skill level 10 in Staves
 10122 | D:9      | Killed a two-headed ogre
 10149 | D:9      | Noticed dscm's ghost (novice OpEE)
 10150 | D:9      | Found a runed translucent gate.
 10150 | D:9      | Found a runed translucent gate.
 10150 | D:9      | Found a runed translucent gate.
 10251 | D:9      | Found a staircase to the Lair.
 10314 | D:9      | Noticed a two-headed ogre
 10325 | D:9      | Killed a two-headed ogre
 10325 | D:9      | Reached *** piety under Okawaru
 10382 | D:9      | Killed dscm's ghost
 10517 | D:9      | Reached **** piety under Okawaru
 10670 | D:10     | Entered Level 10 of the Dungeon
 10697 | D:10     | Reached XP level 12. HP: 91/94 MP: 18/18
 10706 | D:10     | Noticed a catoblepas
 10718 | D:10     | Mangled by a catoblepas

Skill      XL: |  1  2  3  4  5  6  7  8  9 10 11 |
---------------+----------------------------------+-----
Shields        | 4 7 8 9 |  9.6
Staves         | 3 4 7 8 9 10 | 10.6
Armour         | 4 7 |  7.4
Fighting       | 4 6 7 8 |  8.6
Dodging        | 1 4 5 |  5.9
Stealth        | 5 6 8 |  8.1
Spellcasting   | 4 |  4.1
Evocations     | 4 |  4.6

Action                   |  1- 3 |  4- 6 |  7- 9 | 10-12 || total
-------------------------+-------+-------+-------+-------++-------
Melee: Quarterstaff      |    90 |   128 |   543 |   460 ||  1221
Invok: Heroism           |       |       |       |     1 ||     1
 Abil: Dig               |       |       |     7 |     5 ||    12
       Shaft Self        |       |       |     1 |     1 ||     2
Evoke: Wand              |       |       |     2 |       ||     2
  Use: Scroll            |       |     6 |       |     9 ||    15
       Potion            |       |     2 |     3 |       ||     5
 Stab: Sleeping          |       |       |     7 |    19 ||    26
       Confused          |       |       |       |     5 ||     5
       Paralysed         |       |       |       |     8 ||     8
       Petrifying        |       |       |       |     1 ||     1
  Eat: Ration            |       |     1 |     1 |     2 ||     4
       Chunk             |       |     1 |     8 |    11 ||    20
Armor: Scale mail        |    50 |    36 |    51 |       ||   137
       Leather armour    |       |       |    47 |    98 ||   145
       Ring mail         |       |       |       |    11 ||    11
Dodge: Dodged            |    34 |    43 |   173 |   167 ||   417
Block: Shield            |    56 |    60 |   336 |   284 ||   736
